 Dungeon Crawl Stone Soup version 0.30-a0-937-ga0a21ad780 (webtiles) character file.

Game seed: 7932425137832135203

65 demibob the Poker (level 3, -1/26 HPs)
             Began as a Demonspawn Chaos Knight on Mar 25, 2023.
             Was a Plaything of Xom.
             Succumbed to Terence's poison
             ... on level 2 of the Dungeon.
             The game lasted 00:02:00 (1083 turns).

demibob the Poker (Demonspawn Chaos Knight)         Turns: 1083, Time: 00:02:01

Health: -1/26      AC:  6    Str: 14    XL:     3   Next: 94%
Magic:  3/3        EV: 11    Int: 11    God:    Xom [*.....]
Gold:   30         SH:  0    Dex: 12    Spells: 2/2 levels left

rFire   . . .      SeeInvis .    a - +0 spear (chaos)
rCold   . . .      Faith    .    (no shield)
rNeg    . . .      Spirit   .    b - +3 leather armour
rPois   .          Reflect  .    (no helmet)
rElec   .          Rampage  .    (no cloak)
rCorr   .                        (no gloves)
Will    .....                    (no boots)
Stlth   +                        (no amulet)
HPRegen 0.24/turn                (no ring)
MPRegen 0.08/turn                (no ring)

@: lethally poisoned (-1 -> -7)
A: foul stench 1, dopey 1, frail 1, screaming 1
a: Renounce Religion


You were on level 2 of the Dungeon.
You worshipped Xom.
You were a special plaything of Xom.
You visited 1 branch of the dungeon, and saw 2 of its levels.

You collected 30 gold pieces.


Innate Abilities, Weirdness & Mutations

You may rarely emit foul miasma when damaged in melee.
You are dopey. (Int -2)
You are frail. (-10% HP)
You occasionally shout uncontrollably at your foes.


   Skills:
 - Level 3.0 Fighting
 + Level 4.4 Polearms
 - Level 1.7 Armour
 - Level 0.8 Dodging


You had 2 spell levels left.
You didn't know any spells.
Your spell library was empty.

Inventory:

Hand Weapons
 a - a +0 spear of chaos (weapon)
Armour
 b - a +3 leather armour (worn)
Jewellery
 W - a ring of willpower
Scrolls
 d - a scroll of enchant armour
Miscellaneous
 c - a piece from Xom's chessboard (13/15) (quivered)

Dungeon Overview and Level Annotations

Branches:
Dungeon (2/15)

Altars:

##.. . ##. [. ## ##.
##### .... #....
..... #....
......#▓▓▓▓▓▓ #....
......'.....▓▓▓▓▓▓
#....
......#..@)......##
#.... .....
#......###..## #....
....
#......####..###....
...
#......##.....##....
..
#...)..##.....##....
.
#......##......#....
#......##......#####
#########......#...)
#......#.#.#


There were no monsters in sight!


Message History

You are lethally poisoned!
You aren't carrying any potions.
Unknown command.
You barely miss Terence.
Terence is severely wounded.
* * * LOW HITPOINT WARNING * * *
You feel very sick.
Unknown command.
You hit Terence. You burn Terence.
You kill Terence!
* * * LOW HITPOINT WARNING * * *
You feel sick.
Your piece from Xom's chessboard (13/15) has regained one charge.
Unknown command.
* * * LOW HITPOINT WARNING * * *
You feel sick.
Things that are here:
a +5 flail of venom; a +0 ring mail; the human corpse of Terence Unknown command.
You can't see anything.
Try to make a move anyway?
Okay, then.
Unknown command.
You can't see anything.
Try to make a move anyway?
Okay, then.
There is a lethal amount of poison in your body!
Unknown command.
You aren't carrying any potions.
Unknown command.
You die...
Xom cackles wildly!

Skill      XL: |  1  2  3 |
---------------+----------+-----
Polearms       | 3 4 |  4.4
Fighting       | |  3.0
Armour         | |  1.7
Dodging        | |  0.8

Action                     || total
---------------------------++-------
  Melee: Spear             ||    61
         Punch             ||     1
  Evoke: Piece from Xom's  ||     3
    Use: Scroll            ||     3
         Potion            ||     3
   Stab: Paralysed         ||     3
         Sleeping          ||     2
 Armour: Leather armour    ||    15
  Dodge: Dodged            ||    17

Levels and vault maps discovered:
D:1:      wander_arrival_abandoned_jail, layout_loops_ring,
          ebering_ecumenical_altar_hall, chequers_serial_rivers_micro_e,
          roderic_serpentine_path, minmay_hedge_maze, hangedman_decor_opposing
D:2:      minmay_chambers_of_ones, layout_basic, minmay_tetromino_l2,
          uniq_terence

Notes
Turn   | Place    | Note
-------+----------+-------------------------------------------
     0 | D:1      | demibob the Demonspawn Chaos Knight began the quest for the
                  | Orb.
     0 | D:1      | Reached XP level 1. HP: 18/18 MP: 1/1
    60 | D:1      | Reached skill level 3 in Polearms
   190 | D:1      | Gained mutation: You may rarely emit foul miasma when
                  | damaged in melee. [demonic ancestry]
   190 | D:1      | Reached XP level 2. HP: 21/24 MP: 2/2
   258 | D:1      | Found a faded altar of an unknown god.
   516 | D:1      | XOM: silly message
  1025 | D:2      | Reached XP level 3. HP: 29/29 MP: 3/3
  1026 | D:2      | Reached skill level 4 in Polearms
  1061 | D:2      | Noticed Terence
  1065 | D:2      | >>game over lol
  1071 | D:2      | Gained mutation: You are dopey. (Int -2) [potion of
                  | mutation]
  1071 | D:2      | Gained mutation: You occasionally shout uncontrollably at
                  | your foes. [potion of mutation]
  1071 | D:2      | Gained mutation: You are frail. (-10% HP) [potion of
                  | mutation]
  1081 | D:2      | Killed Terence
  1082 | D:2      | HP: 1/26 [poisoned by Terence]
  1083 | D:2      | Succumbed to Terence's poison

Vanquished Creatures
  Terence (D:2)
  2 adders (D:2)
  A dart slug (D:1)
  3 endoplasms
  A giant cockroach (D:1)
  2 goblins (D:2)
  2 ball pythons (D:1)
  4 bats
  A frilled lizard (D:1)
  3 kobolds
  2 rats
22 creatures vanquished.

Table legend: (Time is in decaauts)
 A = Elapsed time spent in this place.
 B = Non-inter-level travel time spent in this place.
 C = Inter-level travel time spent in this place.
 D = Time resting spent in this place.
 E = Time spent auto-exploring this place.
 F = Levels seen in this place.
 G = Mean time per level.
                   A        B        C        D        E       F      G
               +--------+--------+--------+--------+--------+-----+--------+
         Total |   1077 |   1036 |     41 |      0 |    891 |   2 |  538.5 |
       Dungeon |   1077 |   1036 |     41 |      0 |    891 |   2 |  538.5 |
               +--------+--------+--------+--------+--------+-----+--------+

Top non-repeatable levels by time:
     D:1: 866 daAuts
     D:2: 211 daAuts

Table legend:
 A = Non-vault XP
 B = Vault XP
 C = Vault XP percentage of total XP
 D = Non-vault monster count
 E = Vault monster count
 F = Vault count percentage of total count
                 A         B        C        D         E       F
            +---------+---------+-------+---------+---------+-------
      Total |      56 |      38 |  40.4 |      20 |       2 |   9.1
            +---------+---------+-------+---------+---------+-------
        D:1 |      19 |       0 |   0.0 |      11 |       0 |   0.0
        D:2 |      37 |      38 |  50.7 |       9 |       2 |  18.2
            +---------+---------+-------+---------+---------+-------
